 Dungeon Crawl Stone Soup version 0.29-a0-367-gc2b5878c41 (webtiles) character file.

Game seed: 7672130291521870879

7 Lekart the Skirmisher (level 1, 0/19 HPs)
             Began as a Draconian Chaos Knight on May 1, 2022.
             Was a Plaything of Xom.
             Slain by a hobgoblin (2 damage)
             ... on level 2 of the Dungeon.
             The game lasted 00:00:47 (886 turns).

Lekart the Skirmisher (Draconian Chaos Knight)       Turns: 886, Time: 00:00:47

Health: 0/19       AC:  4    Str: 14    XL:     1   Next: 83%
Magic:  1/1        EV: 12    Int: 12    God:    Xom [..*...]
Gold:   98         SH:  0    Dex: 10    Spells: 0/0 levels left

rFire   . . .      SeeInvis +   a - +0 falchion (chaos)
rCold   . . .      Faith    .   (no shield)
rNeg    . . .      Spirit   .   (body armour unavailable)
rPois   .          Reflect  .   (helmet restricted)
rElec   .          Harm     .   (no cloak)
rCorr   .          Rampage  .   (no gloves)
Will    .....                   (no boots)
Stlth   +.........              (no amulet)
HPRegen 0.06/turn               j - ring of see invisible
MPRegen 0.07/turn               (no ring)

@: no status effects
A: AC +4, unfitting armour, cold-blooded
a: Renounce Religion


You were on level 2 of the Dungeon.
You worshipped Xom.
You were a toy of Xom.
You visited 1 branch of the dungeon, and saw 2 of its levels.

You collected 98 gold pieces.

Inventory:

Hand Weapons
 a - a +0 falchion of chaos (weapon)
Jewellery
 j - a ring of see invisible (left hand)
Scrolls
 e - a scroll of teleportation
Potions
 f - 2 potions of heal wounds
Miscellaneous
 b - a piece from Xom's chessboard (15/15) (quivered)


   Skills:
 * Level 3.6 Fighting
 + Level 3.1 Long Blades
 + Level 2.2 Dodging


You couldn't memorise any spells.
You didn't know any spells.
Your spell library was empty.

Dungeon Overview and Level Annotations

Branches:
Dungeon (2/15)

Altars:

Shops:
D:1 (


Innate Abilities, Weirdness & Mutations

Your plain brown scales are hard. (AC +4)
You cannot fit into any form of body armour.
You are cold-blooded and may be slowed by cold attacks.


Message History

The adder is heavily wounded.
Xom makes a sudden noise!
You hear a mighty clap of thunder!
You hear an angry hiss.
You hear a shout! x5
The adder barely misses you. The adder bites you but does no damage.
You closely miss the adder.
The adder is heavily wounded.
Xom makes a sudden noise!
You hear a bellow!
The adder bites you. The ball python bites you.
The ball python barely misses you.
You closely miss the adder.
Your tail-slap misses the adder.
The adder is heavily wounded.
The adder bites you. The hobgoblin hits you.
The ball python bites you but does no damage.
The ball python grabs you. The ball python constricts you.
The adder bites you but does no damage.
You barely miss the ball python.
The ball python bites you but does no damage.
The ball python constricts you. The hobgoblin barely misses you.
The adder closely misses you. The ball python barely misses you.
The ball python constricts you.
The hobgoblin hits you but does no damage.
The endoplasm hits you but does no damage.
The adder bites you.
You barely miss the ball python.
Your tail-slap misses the ball python.
The ball python bites you. The ball python constricts you.
The adder bites you but does no damage.
The hobgoblin hits you but does no damage.
The endoplasm hits you.
You are too injured to fight recklessly!
You are too injured to fight recklessly!
You escape the ball python's grasp.
The adder attacks as you move away! The adder barely misses you.
The endoplasm freezes you.
You are frozen.
* * * LOW HITPOINT WARNING * * *
The hobgoblin attacks as you move away! The hobgoblin barely misses you.
There is a stone staircase leading up here.
The adder closely misses you. The hobgoblin hits you.
You die...
Xom howls with laughter!

..#.#. #.####$##
......[ .[.......
#..#.#.##.#......
.................
#..............##
.......†....!...
#.##....S).......
.......Jg........
.......@Sg.......
####....#........
#....#.#.##.#.
##......... ..
........##. .
##...#.### #
....#.# ........


You could see an adder, an endoplasm, 2 hobgoblins and a ball python.

Vanquished Creatures
  A bat (D:1)
  A giant cockroach (D:1)
  A kobold (D:2)
  A ball python (D:2)
  3 rats (D:1)
7 creatures vanquished.

Notes
Turn   | Place    | Note
-------+----------+-------------------------------------------
     0 | D:1      | Lekart the Draconian Chaos Knight began the quest for the
                  | Orb.
     0 | D:1      | Reached XP level 1. HP: 19/19 MP: 1/1
    29 | D:1      | Found Loadufot's Weapon Shop.
    29 | D:1      | XOM: silly message
   105 | D:1      | XOM: silly message
   525 | D:1      | XOM: silly message
   548 | D:1      | XOM: silly message
   677 | D:1      | XOM: divination: detect items
   697 | D:1      | Found a faded altar of an unknown god.
   876 | D:2      | XOM: noise
   879 | D:2      | XOM: noise
   880 | D:2      | XOM: noise
   886 | D:2      | Slain by a hobgoblin

Illustrated notes

Levels and vault maps discovered:
D:1:      tarquinn_simple_flora_water_f, layout_loops_ring,
          dreamdust_ecumenical_altar_hidden_monk_grotto, serial_shops, shop,
          lemuel_old_faithful
D:2:      layout_basic, minmay_three_crescents, uniq_robin, uniq_terence

Action                   || total
-------------------------++-------
Melee: Falchion          ||    26
  Use: Scroll            ||     6
Armor: Skin              ||    16
Dodge: Dodged            ||    27

Table legend: (Time is in decaauts)
 A = Elapsed time spent in this place.
 B = Non-inter-level travel time spent in this place.
 C = Inter-level travel time spent in this place.
 D = Time resting spent in this place.
 E = Time spent auto-exploring this place.
 F = Levels seen in this place.
 G = Mean time per level.
                   A        B        C        D        E       F      G
               +--------+--------+--------+--------+--------+-----+--------+
         Total |    890 |    847 |     43 |      0 |    770 |   2 |  445.0 |
       Dungeon |    890 |    847 |     43 |      0 |    770 |   2 |  445.0 |
               +--------+--------+--------+--------+--------+-----+--------+

Top non-repeatable levels by time:
     D:1: 876 daAuts
     D:2: 14 daAuts
